[Event "Early-Titled-Tuesday-Blitz-May-28-2024"]
[Site "Chess.com"]
[Date "2024.05.28"]
[Round "7"]
[White "DeyanKostov"]
[Black "MarlonJodar"]
[Result "1-0"]
[WhiteElo "2451"]
[BlackElo "2313"]
[TimeControl "180+1"]
[EndTime "9:17:28 PDT"]
[Termination "DeyanKostov won on time"]

1. d4 d5 2. c4 c6 3. Nf3 Nf6 4.
e3 a6 5. cxd5 cxd5 6. Nc3 Nc6 7.
Bd3 Bg4 8. h3 Bh5 9. a3 e6 10.
b4 Bd6 11. Bb2 O-O 12. O-O Rc8 13. Rc1 Bb8 14. Be2 Qd6 15. g3 Rfd8 16. Kg2 Ne4 17.
Nxe4 dxe4 18. Nd2 Bg6 19. Nc4 Qe7 20. Qb3 h5 21. h4 Bc7 22. Rfd1 Rd5 23. Ne5 Bxe5 24.
dxe5 Rcd8 25. Bc4 Rd3 26. Bxd3 exd3 27. f3 d2 28. Rxc6 bxc6 29. Bd4 Rb8 30. Qc3 Qb7 31. Rxd2 Qb5 32. Bc5 Ra8 33. e4 a5 34. Qd3 Qxd3 35. Rxd3 axb4 36. axb4 f5 37. exf6 Bf5 38. exf5 gxf6 39.
fxe6 1-0

[Event "Early-Titled-Tuesday-Blitz-May-28-2024"]
[Site "Chess.com"]
[Date "2024.05.28"]
[Round "7"]
[White "Nitzan_Steinberg"]
[Black "lachesisQ"]
[Result "0-1"]
[WhiteElo "2901"]
[BlackElo "3095"]
[TimeControl "180+1"]
[EndTime "9:17:29 PDT"]
[Termination "lachesisQ won by resignation"]

1. e4 c5 2. Nf3 d6 3. d4 cxd4 4. Nxd4 Nf6 5. Nc3 a6 6. h4 e5 7. Nb3 Be6 8. f4 g6 9. Be2 Be7 10. h5 Nc6 11. g4 Rc8 12. hxg6 fxg6 13. f5 Bxb3 14. axb3 Nd4 15. g5 Nxe4 16. Nxe4 Nxc2+ 17. Kf1 Nxa1 18. f6 Bf8 19. Bc4 d5 20. Bxd5 Rxc1 21.
Qxc1 Qxd5 22. Qc7 Qd1+ 23. Kf2 Qc2+ 24. Qxc2 Nxc2 25. Rc1 Nd4 26. Rc7 Ne6 27. Rxb7 Nc5 28.
Rb8+ Kf7 29. Kf3 Nxe4 30. Kxe4 h6 31. Rb7+ Ke6 32. Rb6+ Bd6 33. gxh6 Rxh6 34. f7 Rh4+ 35.
Kd3 Rf4 0-1

[Event "Early-Titled-Tuesday-Blitz-May-28-2024"]
[Site "Chess.com"]
[Date "2024.05.28"]
[Round "7"]
[White "viditchess"]
[Black "Abund"]
[Result "0-1"]
[WhiteElo "3060"]
[BlackElo "2806"]
[TimeControl "180+1"]
[EndTime "9:17:29 PDT"]
[Termination "Abund won by resignation"]

1. e4 c6 2. d4 d5 3. e5 c5 4.
Nf3 cxd4 5. Qxd4 Nc6 6. Qf4 e6 7. Nc3 Nb4 8. Qd2 g6 9. a3 Nc6 10. Bd3 Bg7 11. Qf4 f6 12. exf6 Nxf6 13. O-O O-O 14.
Qg3 e5 15. Nxe5 Nh5 16. Nxc6 Nxg3 17. Nxd8 Nxf1 18. Nxb7 Nxh2 19. Nd6 Be6 20. f3 Bd4+ 21. Kh1 Nxf3 22. gxf3 Rxf3 23. Bg5 Raf8 24. Nd1 Be5 25.
Nb5 Rh3+ 26. Kg2 Rg3+ 0-1

[Event "Early-Titled-Tuesday-Blitz-May-28-2024"]
[Site "Chess.com"]
[Date "2024.05.28"]
[Round "7"]
[White "Cheer_Down"]
[Black "SoyuzTM4"]
[Result "0-1"]
[WhiteElo "2457"]
[BlackElo "2249"]
[TimeControl "180+1"]
[EndTime "9:17:34 PDT"]
[Termination "SoyuzTM4 won by resignation"]

1. e4 c5 2. Nf3 d6 3. d4 cxd4 4. Nxd4 Nf6 5. Nc3 e6 6. g4 h6 7. Be3 Nc6 8. Rg1 d5 9. exd5 Nxd5 10. Nxd5 exd5 11. Qf3 Be7 12. O-O-O O-O 13. Nf5 Bxf5 14.
gxf5 Bf6 15. Bxh6 Bxb2+ 16. Kxb2 Qf6+ 17. Kb1 Qxh6 18. f6 g6 19. Bd3 Ne5 20. Qxd5 Rfe8 21. h4 Rad8 22. Qb3 Nxd3 23. Rxd3 Rxd3 24. cxd3 Re6 25. Qc3 Qxh4 26. Rxg6+ fxg6 27. Qc8+ Kf7 28. Qd7+ Kxf6 29. Qd8+ Re7 0-1

[Event "Early-Titled-Tuesday-Blitz-May-28-2024"]
[Site "Chess.com"]
[Date "2024.05.28"]
[Round "7"]
[White "rhungaski"]
[Black "ilqar_74"]
[Result "0-1"]
[WhiteElo "2580"]
[BlackElo "2770"]
[TimeControl "180+1"]
[EndTime "9:17:36 PDT"]
[Termination "ilqar_74 won by checkmate"]

1. e4 c5 2. Nf3 d6 3. d4 cxd4 4.
Nxd4 Nf6 5. Nc3 e5 6. Nf3 Be7 7.
Be2 O-O 8. O-O Nbd7 9. Re1 a6 10. Bf1 b5 11. a4 b4 12. Nd5 Nxd5 13. Qxd5 Rb8 14. a5 Bb7 15. Qc4 Nf6 16. Bg5 h6 17.
Bxf6 Bxf6 18. Qxb4 d5 19. Rad1 d4 20. Qa3 Qc7 21.
Nd2 Qxc2 22. Nc4 Bc6 23. Nb6 Bxe4 24. Rc1 Qd2 25. Rcd1 Qf4 26. Nd7 Bd5 27. Nxf8 Rxf8 28. Bxa6 e4 29. Bf1 d3 30. Qc5 Bb3 31. Ra1 Rd8 32. a6 Bd4 33. Qa5 Qxf2+ 34. Kh1 Qg1# 0-1

[Event "Early-Titled-Tuesday-Blitz-May-28-2024"]
[Site "Chess.com"]
[Date "2024.05.28"]
[Round "7"]
[White "OparinGrigoriy"]
[Black "juancruzarias"]
[Result "1-0"]
[WhiteElo "3040"]
[BlackElo "2679"]
[TimeControl "180+1"]
[EndTime "9:17:37 PDT"]
[Termination "OparinGrigoriy won by resignation"]

1. Nc3 d5 2. d4 Nf6 3. Bf4 c5 4. e3 cxd4 5. exd4 Bg4 6. Be2 Bxe2 7. Ncxe2 Nc6 8. c3 e6 9. Nf3 Bd6 10. Bg3 O-O 11. O-O Qc7 12. Re1 Rab8 13. a4 a6 14. Qd3 b5 15. axb5 axb5 16. b4 Bxg3 17. hxg3 Ne7 18. Nc1 Nc8 19. Nb3 Nd6 20. Nc5 Ra8 21. Ne5 Nc4 22. Nf3 Qc6 23. Ng5 h6 24.
Nh3 Rxa1 25. Rxa1 Ra8 26. Re1 Ne4 27. Nxe4 dxe4 28. Rxe4 Ra1+ 29. Kh2 Nd6 30. Re5 Qc4 31. Qxc4 bxc4 32. d5 exd5 33. Rxd5 Ne4 34. Rd4 Nxc3 35. Rxc4 Nd5 36. Rd4 Nf6 37. f3 Rb1 38. Nf4 Rb2 39.
g4 Kf8 40. Kg3 Ke7 41. Nh5 Nxh5+ 42. gxh5 Ke6 43. Kh3 Ke5 44. Re4+ Kf5 45. g4+ Kf6 46. Rf4+ Ke6 47. Kg3 g6 48. Rc4 gxh5 49. gxh5 Kf6 50. Kf4 Rb1 51. Rc6+ Kg7 52. Rb6 Rh1 53. Rb5 Kf6 54.
Rf5+ Kg7 55. b5 Rb1 56. Ke4 Kf8 57. Kd4 Ke7 58. Kc5 Ke6 59. Rf4 Rh1 60. b6 Rxh5+ 61. Kc6 1-0

[Event "Early-Titled-Tuesday-Blitz-May-28-2024"]
[Site "Chess.com"]
[Date "2024.05.28"]
[Round "7"]
[White "Stanbad1"]
[Black "BashiqChess"]
[Result "1-0"]
[WhiteElo "2634"]
[BlackElo "2431"]
[TimeControl "180+1"]
[EndTime "9:17:38 PDT"]
[Termination "Stanbad1 won by resignation"]

1. d4 d5 2. Nc3 e6 3. Bf4 Bb4 4. e3 Nf6 5. Bd3 c5 6. dxc5 Nbd7 7. Ne2 Nxc5 8. O-O O-O 9. a3 Bxc3 10. Nxc3 a6 11. Re1 b5 12. e4 dxe4 13. Bxe4 Ncxe4 14. Nxe4 Nxe4 15. Rxe4 Bb7 16. Rd4 Bd5 17. f3 Qf6 18. Qd2 Rac8 19. c3 Qg6 20. Bg3 h5 21. Re1 Rc6 22. Re5 Rfc8 23. Rh4 Rc4 24. Rhxh5 Rd8 25.
Reg5 Qb1+ 26. Kf2 f6 27. Rxd5 exd5 28. Rxd5 Rxd5 29. Qxd5+ Kh7 30. Qd2 a5 31. Bd6 a4 32. Bb4 Qf5 33. g3 Qh3 34. Kg1 Rc8 35. Qd3+ Kh8 36. Qxb5 Rd8 37. Qe2 Kh7 38. c4 Qf5 39. Kg2 Rd7 40. c5 Rc7 41. Qc4 Rd7 42.
c6 Rd1 43. c7 Qc8 44. Qc2+ g6 45. Qxd1 Kh6 46. Qd8 Qf5 1-0

[Event "Early-Titled-Tuesday-Blitz-May-28-2024"]
[Site "Chess.com"]
[Date "2024.05.28"]
[Round "7"]
[White "RespectfulDaveOnYouTube"]
[Black "betta2004"]
[Result "0-1"]
[WhiteElo "2490"]
[BlackElo "2596"]
[TimeControl "180+1"]
[EndTime "9:17:38 PDT"]
[Termination "betta2004 won by checkmate"]

1. e4 c6 2. d4 d5 3. e5 Bf5 4. h4 h5 5. Bd3 Bxd3 6. Qxd3 e6 7. Nf3 c5 8. dxc5 Nd7 9. b4 Qc7 10. Bb2 a5 11. a3 axb4 12. axb4 Rxa1 13. Bxa1 b6 14. O-O bxc5 15. Nbd2 cxb4 16. Bd4 Nh6 17. Ra1 Be7 18. Qb5 O-O 19. Ra7 Qxc2 20. Rxd7 Nf5 21. Rxe7 Nxe7 22. Qxb4 Nf5 23. Be3 Qd1+ 24. Kh2 Rc8 25.
Qf4 Rc1 26. g3 Qh1# 0-1

[Event "Early-Titled-Tuesday-Blitz-May-28-2024"]
[Site "Chess.com"]
[Date "2024.05.28"]
[Round "7"]
[White "Jeppesen08"]
[Black "ATM622"]
[Result "0-1"]
[WhiteElo "2473"]
[BlackElo "2578"]
[TimeControl "180+1"]
[EndTime "9:17:38 PDT"]
[Termination "ATM622 won on time"]

1. b3 d5 2. Bb2 c5 3. f4 Nc6 4. Nf3 Nf6 5. e3 Bg4 6. Be2 e6 7. O-O Be7 8. h3 Bxf3 9. Bxf3 O-O 10.
d3 Qc7 11. Nd2 e5 12. f5 Rad8 13. e4 dxe4 14. Nxe4 Nd4 15. Nxf6+ Bxf6 16. Be4 Rfe8 17. Kh1 b5 18. Qh5 Nxc2 19. Rac1 Ne3 20. Rf3 Nd5 21. g4 h6 22. h4 Qe7 23. g5 hxg5 24. hxg5 Bxg5 25. f6 Nxf6 26. Qxg5 Nxe4 27. Qxe7 Rxe7 28. dxe4 Rd2 29. Bc3 Rxa2 30. Rd3 Re6 31. Rd2 Rxd2 32. Bxd2 Rc6 33. Be3 c4 34. bxc4 Rxc4 35. Rxc4 bxc4 36.
Bxa7 Kf8 37. Kg2 Ke7 38. Kf3 Kd6 39. Be3 Kc6 40. Kg4 Kb5 41. Kf5 Kb4 42. Kxe5 Kc3 43.
Bf4 Kd3 44. Kd5 c3 45. e5 c2 46. Kd6 Ke4 47. Bc1 Kf5 48. Bb2 g5 49. Ke7 Kg6 50.
Bc1 g4 51. Kd6 g3 0-1

[Event "Early-Titled-Tuesday-Blitz-May-28-2024"]
[Site "Chess.com"]
[Date "2024.05.28"]
[Round "7"]
[White "FlemingA"]
[Black "HouseOfDurin"]
[Result "0-1"]
[WhiteElo "2462"]
[BlackElo "2280"]
[TimeControl "180+1"]
[EndTime "9:17:40 PDT"]
[Termination "HouseOfDurin won by checkmate"]

1. f4 d5 2. Nf3 c5 3. g3 Nc6 4. Bg2 g6 5. O-O Bg7 6. d3 d4 7. e4 dxe3 8. c3 Nf6 9. Bxe3 Nd7 10.
Nbd2 O-O 11. f5 Nce5 12. Nc4 Nxc4 13. dxc4 Rb8 14. Bf4 Ra8 15. Qd5 Nb6 16. Qxd8 Rxd8 17. fxg6 hxg6 18. Ng5 Nxc4 19. Nxf7 Kxf7 20. Bc7+ Ke8 21.
Bxd8 Kxd8 22. Rf7 Bf6 23. Rd1+ Kc7 24. Rf1 Bd7 25. Rf2 Rh8 26. h4 Nd6 27. R7xf6 exf6 28. Rxf6 Bf5 29. Bd5 Kd7 30. c4 Ke7 31. Rxd6 Kxd6 32. Bxb7 Rb8 33. Bd5 Rxb2 34. Bf3 Rxa2 35. Kf1 Bd3+ 36.
Kg1 Bxc4 37. h5 gxh5 38. Bxh5 Be6 39. Bf3 Ra3 40. Kf2 Rxf3+ 41. Kxf3 a5 42. Ke3 Kd5 43. Kd3 c4+ 44. Kc3 Kc5 45. Kc2 Bg4 46. Kc3 a4 47. Kb2 Kb4 48. Ka2 a3 49. Kb1 Kb3 50. Ka1 c3 51. Kb1 c2+ 52. Ka1 c1=Q# 0-1

[Event "Early-Titled-Tuesday-Blitz-May-28-2024"]
[Site "Chess.com"]
[Date "2024.05.28"]
[Round "7"]
[White "FGHSMN"]
[Black "DanielNaroditsky"]
[Result "1-0"]
[WhiteElo "2910"]
[BlackElo "3058"]
[TimeControl "180+1"]
[EndTime "9:17:43 PDT"]
[Termination "FGHSMN won by resignation"]

1. e4 c5 2. Nf3 Nf6 3. e5 Nd5 4. Nc3 e6 5. Ne4 f5 6. exf6 Nxf6 7. Nxf6+ Qxf6 8. d4 cxd4 9. Bg5 Qf5 10. Bd3 Qa5+ 11. c3 dxc3 12. O-O Nc6 13. Qc2 Be7 14. Bxe7 Kxe7 15.
bxc3 g6 16. Rfe1 b6 17. Rad1 Bb7 18. Qd2 Rhf8 19. Bxg6 Rad8 20. Bxh7 Qh5 21. Be4 Rg8 22. Qd6+ Kf6 23. Qc7 d5 24. Qxb7 dxe4 25. Rxd8 Rxg2+ 26.
Kxg2 Qxf3+ 27. Kf1 Qh3+ 28. Ke2 Qf3+ 29. Kd2 Qxf2+ 30.
Kd1 Nxd8 31. Qxe4 Qxh2 32. Rh1 Qd6+ 33. Kc2 Qd5 34. Rf1+ Ke7 35. Qb4+ Qc5 36. Qh4+ Ke8 37. Qh8+ Kd7 38. Rd1+ Kc6 39. Qxd8 Qf5+ 40. Kb2 Qf2+ 41.
Ka1 Qg3 42. Qc8+ Kb5 43. Rb1+ Ka5 44. Qc4 Qe5 45. a4 1-0

[Event "Early-Titled-Tuesday-Blitz-May-28-2024"]
[Site "Chess.com"]
[Date "2024.05.28"]
[Round "7"]
[White "Matols"]
[Black "sergeikim"]
[Result "0-1"]
[WhiteElo "2388"]
[BlackElo "2619"]
[TimeControl "180+1"]
[EndTime "9:17:45 PDT"]
[Termination "sergeikim won on time"]

1. d4 Nf6 2. c4 g6 3. g3 d6 4. Bg2 Bg7 5. Nc3 O-O 6. Nf3 Nbd7 7. O-O e5 8. e4 exd4 9. Nxd4 Re8 10. Re1 Nc5 11.
h3 c6 12. Bf4 Nh5 13. Be3 a5 14. Rb1 a4 15. Qc2 Qa5 16. Rbd1 Qb4 17. Bf1 Nf6 18.
f3 Nfd7 19. Qc1 Ne5 20. a3 Qa5 21. Kg2 Qc7 22. Ndb5 cxb5 23. Nxb5 Qa5 24. Nxd6 Rf8 25. Rd5 b6 26. f4 Nc6 27. Nxc8 Raxc8 28. e5 Qa8 29.
Kh2 Ne7 30. Rd6 Nf5 31. Rxb6 Qf3 32. Bxc5 Qxg3+ 33. Kh1 Rxc5 34. Bg2 Rfc8 35. Rb4 Bh6 36. e6 Bxf4 37. exf7+ Kxf7 38. Rb7+ Kg8 0-1

[Event "Early-Titled-Tuesday-Blitz-May-28-2024"]
[Site "Chess.com"]
[Date "2024.05.28"]
[Round "7"]
[White "2Coaches1Profile"]
[Black "patzer-reloaded"]
[Result "1-0"]
[WhiteElo "2582"]
[BlackElo "2474"]
[TimeControl "180+1"]
[EndTime "9:17:45 PDT"]
[Termination "2Coaches1Profile won by resignation"]

1. d4 d6 2. e4 Nf6 3. Nc3 g6 4.
Nf3 Bg7 5. Be2 O-O 6. O-O Bg4 7. h3 Bxf3 8. Bxf3 e5 9. d5 Nbd7 10. g4 a5 11. Be3 Nc5 12. Kh1 b5 13. Bxc5 dxc5 14.
Nxb5 Bh6 15. a4 Ne8 16. Ra3 Nd6 17. Qe2 Nxb5 18. axb5 Qh4 19. Bg2 Bf4 20. Rd1 Kg7 21. c4 Rh8 22. Kg1 h5 23. d6 cxd6 24. Rxd6 Rad8 25.
Rd5 hxg4 26. Qxg4 Qf6 27. Rxa5 Ra8 28. Ra3 Rxa3 29. bxa3 Rh4 30. Qd7 Bg5 31. Qd6 Qf4 32. Qxe5+ Qxe5 33. Rxe5 Bf6 34. Rxc5 Rh8 35. e5 Bg5 36.
Rc7 Bf4 37. Bd5 Rxh3 38. Rxf7+ Kh6 39. Rxf4 1-0

[Event "Early-Titled-Tuesday-Blitz-May-28-2024"]
[Site "Chess.com"]
[Date "2024.05.28"]
[Round "7"]
[White "TrahtarBelarus"]
[Black "chess_sharparchitect"]
[Result "1-0"]
[WhiteElo "2772"]
[BlackElo "2372"]
[TimeControl "180+1"]
[EndTime "9:17:46 PDT"]
[Termination "TrahtarBelarus won on time"]

1. c4 e5 2. g3 d5 3. cxd5 Qxd5 4. Nf3 Nc6 5. Nc3 Qd8 6. Bg2 Nf6 7. O-O Bd6 8. b3 O-O 9. Bb2 Bg4 10. Rc1 Re8 11.
d3 a6 12. h3 Bh5 13. g4 Bg6 14. Nh4 Qd7 15. Nxg6 hxg6 16. Ne4 Nxe4 17. Bxe4 Nd8 18. e3 c6 19. d4 exd4 20. Qxd4 Ne6 21. Qc3 Rad8 22. Rfd1 Qe7 23. Bg2 f6 24. Qc2 Ng5 25. Qxg6 Bc7 26. h4 Ne6 27. Bf1 b5 28. Bg2 Rxd1+ 29.
Rxd1 c5 30. Bd5 Rd8 31. Qe4 Kf7 32. f4 Qd6 33. Kg2 g6 34. h5 f5 35. hxg6+ Ke7 36. Qxf5 1-0

[Event "Early-Titled-Tuesday-Blitz-May-28-2024"]
[Site "Chess.com"]
[Date "2024.05.28"]
[Round "7"]
[White "martinmena"]
[Black "ChrisTool2"]
[Result "0-1"]
[WhiteElo "2140"]
[BlackElo "2386"]
[TimeControl "180+1"]
[EndTime "9:17:46 PDT"]
[Termination "ChrisTool2 won by checkmate"]

1. c4 Nf6 2. g3 e6 3. Bg2 d5 4. Nf3 Be7 5. O-O O-O 6. d4 dxc4 7. Qc2 b5 8. Nc3 a6 9. Ne5 Qxd4 10. Bxa8 Qxe5 11. Bf4 Qc5 12. Ne4 Nxe4 13. Bxe4 f5 14. Bg2 Nc6 15. Be3 Nd4 16. Bxd4 Qxd4 17. Rad1 Qc5 18.
b3 c3 19. e4 f4 20. Rd3 b4 21. gxf4 Rxf4 22. e5 Qxe5 23. Rfd1 Bd6 24. Rh3 g6 25. Qd3 Bd7 26. Re3 Qf6 27. Qe2 Bb5 28. Qe1 c2 29.
Rc1 Rh4 30. Rxc2 Bxh2+ 31. Kh1 Bf4+ 32. Rh3 e5 33. Rxh4 Qxh4+ 34. Kg1 Qh2# 0-1

[Event "Early-Titled-Tuesday-Blitz-May-28-2024"]
[Site "Chess.com"]
[Date "2024.05.28"]
[Round "7"]
[White "Kostya0705"]
[Black "Witik"]
[Result "0-1"]
[WhiteElo "2591"]
[BlackElo "2796"]
[TimeControl "180+1"]
[EndTime "9:17:47 PDT"]
[Termination "Witik won by checkmate"]

1. e4 c6 2. d4 d5 3. e5 c5 4. dxc5 e6 5. Nf3 Bxc5 6. Bd3 Nc6 7. O-O f6 8. exf6 Nxf6 9. a3 a5 10. Nc3 O-O 11. h3 Nh5 12. Re1 Nf4 13. Bxf4 Rxf4 14. Qd2 Rxf3 15. gxf3 Qh4 16. Kg2 e5 17. Rh1 Be6 18.
Bf5 Nd4 19. Bxe6+ Nxe6 20. Nxd5 Rd8 21. c4 Qxc4 22. Ne3 Nf4+ 23. Kg3 Rxd2 24. Nxc4 Bxf2+ 25. Kg4 Rd4 26. b3 g6 27. Rad1 Nd3+ 28. Kg5 Kg7 29. f4 h6+ 30. Kg4 Rxf4# 0-1

[Event "Early-Titled-Tuesday-Blitz-May-28-2024"]
[Site "Chess.com"]
[Date "2024.05.28"]
[Round "7"]
[White "KNVB"]
[Black "shimastream"]
[Result "0-1"]
[WhiteElo "2766"]
[BlackElo "3033"]
[TimeControl "180+1"]
[EndTime "9:17:50 PDT"]
[Termination "shimastream won by resignation"]

1. e4 d5 2. a3 dxe4 3. Nc3 Nf6 4. Qe2 Nc6 5. Nxe4 Nd4 6. Nxf6+ gxf6 7. Qd1 Bf5 8. d3 h5 9. Nf3 Bg4 10. Be2 Nxe2 11.
Qxe2 Qd7 12. h3 Bf5 13. Be3 a5 14. O-O-O b5 15. Nd4 Bg6 16. Qf3 Rc8 17. Qb7 c6 18. Qxd7+ Kxd7 19. Nb3 a4 20. Nc5+ Ke8 21. g4 f5 22. g5 h4 23. Rde1 Rd8 24. d4 Bg7 25.
c3 Bh5 26. Rhg1 Bf3 27. Nd3 Be4 28. Kd2 e5 29. dxe5 Rxd3+ 30. Kc1 Kd7 31. Bf4 Rf3 32. Be3 Bxe5 33. g6 fxg6 34. Rxg6 f4 35. Rd1+ Kc8 36. Re6 fxe3 37. Rxe5 exf2 0-1

[Event "Early-Titled-Tuesday-Blitz-May-28-2024"]
[Site "Chess.com"]
[Date "2024.05.28"]
[Round "7"]
[White "andbluesky"]
[Black "GoValya"]
[Result "0-1"]
[WhiteElo "1732"]
[BlackElo "2222"]
[TimeControl "180+1"]
[EndTime "9:17:50 PDT"]
[Termination "GoValya won by checkmate"]

1. e4 e6 2. d4 d5 3. Nc3 Bb4 4. exd5 exd5 5. Bd3 h6 6. Nf3 Nf6 7. O-O O-O 8. h3 c5 9. a3 Bxc3 10. bxc3 c4 11. Be2 Qa5 12. Bd2 Qa4 13. Ne5 Bf5 14.
Ra2 Nbd7 15. g4 Be4 16. f3 Bh7 17. f4 Ne4 18. g5 Nxe5 19. fxe5 hxg5 20. Bf3 Qa6 21.
Kh2 Qa5 22. Rg1 f6 23. exf6 gxf6 24. Bxe4 Bxe4 25. Qg4 Qc7+ 26. Bf4 Qc8 27. Qh5 Qe8 28. Qh6 Qg6 29. Qxg6+ Bxg6 30. h4 gxf4 31. Rxg6+ Kf7 32. Rg4 Rh8 33. Rxf4 Rag8 34. Ra1 Rg6 35. Raf1 Ke6 36.
Rf5 Rxh4# 0-1

[Event "Early-Titled-Tuesday-Blitz-May-28-2024"]
[Site "Chess.com"]
[Date "2024.05.28"]
[Round "7"]
[White "DenLaz"]
[Black "kleinebeer98"]
[Result "1-0"]
[WhiteElo "3116"]
[BlackElo "2960"]
[TimeControl "180+1"]
[EndTime "9:17:51 PDT"]
[Termination "DenLaz won on time"]

1. d4 d5 2. c4 Nc6 3. cxd5 Qxd5 4. e3 e5 5. Nc3 Bb4 6. a3 Bxc3+ 7. bxc3 Qd6 8. d5 Nce7 9. c4 c6 10. Bb2 cxd5 11.
cxd5 Nf6 12. Nf3 e4 13. Bxf6 Qxf6 14. Bb5+ Kf8 15. Nd4 Nxd5 16. O-O Be6 17. Bc4 Rd8 18. Qb3 Nf4 19. Nxe6+ Nxe6 20. Qxb7 g6 21. Qxe4 Kg7 22. Bxe6 Qxe6 23. Qxe6 fxe6 24. Rac1 Rd7 25. Rc6 Kf6 26. g3 Rb8 27. Ra6 Rb6 28. Ra4 g5 29. Rc1 Rb2 30.
Rc8 Rd1+ 31. Kg2 Rdd2 32. Rf8+ Ke7 33. Rf3 Rb7 34. h4 h6 35. hxg5 hxg5 36. Ra5 Rd5 37.
Rxd5 exd5 38. Rf5 Ke6 39. Rxg5 a5 40. Rg6+ Kf5 41. Ra6 Rb5 42. Kf3 d4 43. g4+ Kg5 44.
exd4 Rb3+ 45. Ke4 Rxa3 46. f3 Ra1 47. d5 a4 48. d6 Kf6 49. f4 a3 50. g5+ Ke6 51.
f5+ Kd7 52. Ke5 a2 53. Kf6 Rd1 54. Rxa2 Rd2 55. Rxd2 1-0

[Event "Early-Titled-Tuesday-Blitz-May-28-2024"]
[Site "Chess.com"]
[Date "2024.05.28"]
[Round "7"]
[White "jumpingknight20"]
[Black "Azeryahu"]
[Result "0-1"]
[WhiteElo "2791"]
[BlackElo "2940"]
[TimeControl "180+1"]
[EndTime "9:17:51 PDT"]
[Termination "Azeryahu won by checkmate"]

1. e4 e5 2. Nf3 Nc6 3. Bc4 Nf6 4. d3 d5 5. exd5 Nxd5 6. O-O Nb6 7. Bb3 Bg4 8. Re1 Qe7 9. h3 Bh5 10. a4 a5 11. g4 Bg6 12. Nxe5 Nxe5 13. Kg2 O-O-O 14.
f4 f6 15. fxe5 fxe5 16. Nc3 h5 17. Be3 Kb8 18. Bxb6 cxb6 19. Qe2 hxg4 20. hxg4 Rd4 21. Nd5 Qh4 22. Qxe5+ Ka7 23. Ne3 Bd6 24. Qxd4 Qg3+ 25. Kf1 Rh2 26. Qxb6+ Kxb6 27. Nc4+ Ka7 28. Re3 Qf2# 0-1

[Event "Early-Titled-Tuesday-Blitz-May-28-2024"]
[Site "Chess.com"]
[Date "2024.05.28"]
[Round "7"]
[White "alex1531"]
[Black "gabduschew"]
[Result "1-0"]
[WhiteElo "2444"]
[BlackElo "2311"]
[TimeControl "180+1"]
[EndTime "9:17:51 PDT"]
[Termination "alex1531 won by resignation"]

1. e4 e5 2. Nf3 d5 3. d4 dxe4 4. Nxe5 Bd6 5. Nc4 Nf6 6. Nxd6+ Qxd6 7. h3 O-O 8. Nc3 a6 9. Be3 Bf5 10. Be2 Nc6 11. Qd2 Rfd8 12. O-O-O b5 13. g4 Bg6 14. h4 h6 15. g5 hxg5 16. hxg5 Nd5 17. Nxd5 Qxd5 18. Kb1 a5 19. Qc3 Nb4 20. b3 c6 21. a3 Na6 22. Bf4 b4 23. Qh3 Kf8 24. Qh8+ Ke7 25. Qxg7 e3 26. Qf6+ Kd7 27. Bg4+ 1-0

[Event "Early-Titled-Tuesday-Blitz-May-28-2024"]
[Site "Chess.com"]
[Date "2024.05.28"]
[Round "7"]
[White "Connectedcloud"]
[Black "Larina_Maria"]
[Result "1-0"]
[WhiteElo "2215"]
[BlackElo "2369"]
[TimeControl "180+1"]
[EndTime "9:17:51 PDT"]
[Termination "Connectedcloud won by checkmate"]

1. e4 c6 2. d4 d5 3. exd5 cxd5 4.
Nf3 Nc6 5. Bd3 Bg4 6. c3 e6 7. O-O Nf6 8. Nbd2 Bd6 9. Re1 O-O 10. a4 a5 11. Qc2 Rc8 12. Ne5 Nxd4 13. cxd4 Rxc2 14. Bxc2 Bh5 15. Bd3 Bg6 16. Nxg6 hxg6 17. Nf3 Qb6 18. Bb5 Rc8 19. Be3 Ne4 20. Rac1 Qd8 21. Nd2 Rxc1 22. Rxc1 Qh4 23. g3 Qf6 24. Nxe4 dxe4 25. Rc8+ Kh7 26. h4 Qf3 27. Rc3 Bb4 28. Rc1 Bd6 29. Rc3 Qd1+ 30. Kg2 Qb1 31. Rc8 Qxb2 32.
Rd8 Bb4 33. Rd7 Bd2 34. Bxd2 Qxd2 35. Rxf7 Qxd4 36. Rf4 Qd5 37. Kh2 e5 38. Rf8 Qd2 39. Kh3 e3 40. fxe3 Qxe3 41. Bc4 e4 42. Bg8+ Kh6 43.
Be6 g5 44. h5 Qe2 45. Rh8# 1-0

[Event "Early-Titled-Tuesday-Blitz-May-28-2024"]
[Site "Chess.com"]
[Date "2024.05.28"]
[Round "7"]
[White "GlavkonVVS"]
[Black "Shivananda1964"]
[Result "1-0"]
[WhiteElo "2578"]
[BlackElo "2400"]
[TimeControl "180+1"]
[EndTime "9:17:52 PDT"]
[Termination "GlavkonVVS won by checkmate"]

1. c4 e5 2. Nc3 Nf6 3. g3 d5 4. cxd5 Nxd5 5. Bg2 Nb6 6. Nf3 Nc6 7. O-O Be7 8. a3 O-O 9. b4 a5 10. b5 Nd4 11. Nxe5 Bf6 12. f4 Be6 13. Rb1 a4 14. e3 Bb3 15. Qg4 Bxe5 16. fxe5 Ne6 17. Bxb7 g6 18. d4 h5 19. Qf3 Rb8 20. Bc6 Nc4 21. Nd5 Kg7 22. Nf6 Ng5 23. Qg2 Qe7 24.
h4 Ne6 25. g4 hxg4 26. Qxg4 Rh8 27. h5 Rh6 28. e4 Rbh8 29. Bxh6+ Rxh6 30. Nd5 Qd8 31. Rxf7+ Kxf7 32. Rf1+ Kg7 33. Rf6 Ne3 34. Qxe6 Rxh5 35.
Rxg6+ Kh7 36. Qf7+ Kh8 37. Qg7# 1-0

[Event "Early-Titled-Tuesday-Blitz-May-28-2024"]
[Site "Chess.com"]
[Date "2024.05.28"]
[Round "7"]
[White "NewBornNow"]
[Black "GeorgiosSouleidis"]
[Result "1-0"]
[WhiteElo "2809"]
[BlackElo "2607"]
[TimeControl "180+1"]
[EndTime "9:17:53 PDT"]
[Termination "NewBornNow won on time"]

1. e4 c5 2. Nf3 e6 3. d4 cxd4 4. Nxd4 Nf6 5. Nc3 Nc6 6. a3 Be7 7. Be2 O-O 8. f4 d6 9. Be3 Qc7 10. g4 Nxd4 11. Bxd4 e5 12. Be3 exf4 13. Bxf4 Be6 14.
g5 Nd7 15. Qd2 Ne5 16. O-O-O Rac8 17. Kb1 Rfd8 18. h4 a6 19. h5 Nc4 20. Bxc4 Qxc4 21. Nd5 Bxd5 22. exd5 Bf8 23. Rh2 Re8 24. g6 fxg6 25.
hxg6 h6 26. Qf2 Rc7 27. Rd4 Qc5 28. Be3 Qb5 29. Qf3 Rce7 30. Bd2 Qd7 31. Rf4 b5 32.
Rf2 Qd8 33. Rf7 Re5 34. Bc3 Rg5 35. Rxg7+ 1-0

[Event "Early-Titled-Tuesday-Blitz-May-28-2024"]
[Site "Chess.com"]
[Date "2024.05.28"]
[Round "7"]
[White "Sondremelaa"]
[Black "Adar_07"]
[Result "0-1"]
[WhiteElo "2577"]
[BlackElo "2773"]
[TimeControl "180+1"]
[EndTime "9:17:54 PDT"]
[Termination "Adar_07 won by resignation"]

1. d4 Nf6 2. Bf4 c5 3. d5 e6 4.
Nc3 Qb6 5. e4 Qxb2 6. Bd2 Qb6 7.
f4 exd5 8. e5 d4 9. exf6 dxc3 10.
Bxc3 gxf6 11. Bc4 d5 12. Bxd5 Rg8 13. Qe2+ Be7 14. Nf3 Be6 15. Be4 f5 16. Bd3 c4 17.
Bxc4 Rxg2 18. Bb5+ Nc6 19. Qxg2 Qe3+ 20. Kf1 Qxc3 21. Re1 O-O-O 22. Bd3 Nb4 23. Qd2 Qc6 24. Qf2 Nxd3 25. cxd3 Rxd3 26. Kg2 Rxf3 27. Qxf3 Bd5 28. Rxe7 Bxf3+ 29. Kg3 Bxh1 0-1

[Event "Early-Titled-Tuesday-Blitz-May-28-2024"]
[Site "Chess.com"]
[Date "2024.05.28"]
[Round "7"]
[White "Nf3c5"]
[Black "Eloist"]
[Result "1-0"]
[WhiteElo "2568"]
[BlackElo "2438"]
[TimeControl "180+1"]
[EndTime "9:17:54 PDT"]
[Termination "Nf3c5 won on time"]

1. d4 e6 2. Nf3 Nf6 3. Bg5 c5 4.
e3 Be7 5. Nbd2 b6 6. Bd3 Bb7 7. O-O cxd4 8. exd4 Nd5 9. Bxe7 Qxe7 10. Re1 O-O 11. c4 Nf6 12. Qe2 d6 13. d5 e5 14. Nh4 g6 15. g3 Nbd7 16. b4 a5 17. a3 axb4 18. axb4 b5 19. Ra5 bxc4 20. Bxc4 Rxa5 21.
bxa5 Bxd5 22. Bxd5 Nxd5 23. Qb5 N7f6 24. a6 Qa7 25.
Ra1 Rb8 26. Qc4 Qc5 27. a7 Ra8 28. Qa6 Nb4 29. Qb7 Qd5 30. Qxb4 Kg7 31. Nc4 1-0

[Event "Early-Titled-Tuesday-Blitz-May-28-2024"]
[Site "Chess.com"]
[Date "2024.05.28"]
[Round "7"]
[White "Gryffindorac8"]
[Black "DonJuanEGenaro"]
[Result "1-0"]
[WhiteElo "2469"]
[BlackElo "2024"]
[TimeControl "180+1"]
[EndTime "9:17:54 PDT"]
[Termination "Gryffindorac8 won on time"]

1. d4 d5 2. c4 e6 3. Nf3 c5 4.
cxd5 exd5 5. g3 Nc6 6. Bg2 Nf6 7. O-O Be7 8. Nc3 O-O 9. Bg5 c4 10. e3 Be6 11. Nd2 h6 12. Bxf6 Bxf6 13. b3 Qa5 14. bxc4 Qxc3 15. cxd5 Nxd4 16. exd4 Bd7 17. Ne4 Qxd4 18. Nxf6+ Qxf6 19. Qb3 b5 20. Rac1 Rac8 21.
Qa3 Qb6 22. Rxc8 Rxc8 23. Qe7 Bf5 24. Qe5 Bd3 25. Re1 Bg6 26. h4 Rc2 27. Re2 Rxe2 28. Qxe2 Qd4 29. Qe8+ Kh7 30. Qe7 1-0